 Dungeon Crawl Stone Soup version 0.28.0-53-g5a82cb258f (webtiles) character file.

Game seed: 10062789660765953153

4188 Ashen the Chiller (level 10, -10/117 HPs)
             Began as a Demonspawn Ice Elementalist on July 25, 2022.
             Mangled by a vampire (12 damage)
             ... on level 9 of the Dungeon.
             The game lasted 00:24:03 (12255 turns).

Ashen the Chiller (Demonspawn Ice Elementalist)    Turns: 12255, Time: 00:24:03

Health: -10/117    AC:  7    Str:  9    XL:     10   Next: 8%
Magic:  15/18      EV: 13    Int: 16    God:
Gold:   1309       SH:  0    Dex: 14    Spells: 9/20 levels left

rFire   x . .      SeeInvis .   i - +10 quarterstaff of Gytiruve {vorpal, rC+}
rCold   + + .      Faith    .   (shield currently unavailable)
rNeg    . . .      Spirit   .   x - +1 leather armour
rPois   +          Reflect  .   (no helmet)
rElec   +          Harm     .   (no cloak)
rCorr   .          Rampage  .   (no gloves)
Will    +....                   c - -5 pair of boots "Nufamyru" {rElec rPois Int-4 Stlth+}
Stlth   ..........              D - amulet of the acrobat
HPRegen 0.29/turn               r - ring of ice
MPRegen 0.32/turn               F - ring of willpower

@: berserking, ice-armoured, very quick
A: hooves 1, rugged brown scales 1, foul stench 2, magic regeneration
a: no special abilities


You were on level 9 of the Dungeon.
You visited 2 branches of the dungeon, and saw 10 of its levels.
You also visited: Sewer.

You collected 1399 gold pieces.
You spent 90 gold pieces at shops.

Inventory:

Hand Weapons
 a - a +0 whip of electrocution
 i - the +10 quarterstaff of Gytiruve (weapon) {vorpal, rC+}
   (You found it on level 2 of the Dungeon)

   It inflicts extra damage upon your enemies.
   rC:        It protects you from cold.
Missiles
 o - a curare-tipped dart
 y - 6 poisoned darts
 A - 2 throwing nets
Armour
 c - the -5 pair of boots "Nufamyru" (worn) {rElec rPois Int-4 Stlth+}
   (You acquired it in a sewer)

   Int:       It affects your intelligence (-4).
   rElec:     It insulates you from electricity.
   rPois:     It protects you from poison.
   Stlth:     It makes you more stealthy.
 d - a +0 pair of boots
 x - a +1 leather armour (worn)
 B - a +0 buckler
Jewellery
 r - a ring of ice (left hand)
 z - an amulet of faith
 D - an amulet of the acrobat (around neck)
 F - a ring of willpower (right hand)
Wands
 b - a wand of acid (14)
 G - a wand of polymorph (9)
Scrolls
 e - 2 scrolls of fear
 f - 7 scrolls of identify
 h - 5 scrolls of fog
 j - a scroll of magic mapping
 k - 2 scrolls of torment
 m - a scroll of teleportation
 t - a scroll of vulnerability {unknown}
 w - a scroll of blinking
 E - a scroll of holy word {unknown}
Potions
 g - 2 potions of cancellation {unknown}
 l - 2 potions of berserk rage
 n - a potion of degeneration {unknown}
 p - 3 potions of might {unknown}
 q - a potion of ambrosia {unknown}
 s - a potion of brilliance {unknown}
 u - 2 potions of heal wounds {unknown}
 v - a potion of magic {unknown}
 C - a potion of curing
 H - a potion of haste {unknown}


   Skills:
 + Level 6.1 Fighting
 + Level 5.8 Dodging
 + Level 6.2 Stealth
 + Level 5.9 Spellcasting
 + Level 5.1 Conjurations
 + Level 6.6 Ice Magic


You had 9 spell levels left.
You knew the following spells:

 Your Spells              Type           Power      Damage    Failure   Level
a - Freeze                Ice            100%       1d11      1%          1
b - Frozen Ramparts       Ice            78%        1d9       3%          3
c - Ozocubu's Armour      Ice            39%        N/A       3%          3
d - Hailstorm             Conj/Ice       35%        3d9       17%         4

Your spell library contained the following spells:

 Spells                   Type           Power      Damage    Failure   Level
 Pain                     Necr           16%        1d4       21%         1
 Slow                     Hex            16%        N/A       21%         1
 Sublimation of Blood     Necr           4%         N/A       30%         2
 Wereblood                Tmut           4%         N/A       30%         2
 Confusing Touch          Hex            4%         N/A       52%         3
 Vampiric Draining        Necr           4%         2d6       52%         3
 Olgreb's Toxic Radiance  Pois           4%         N/A       89%         4
 Agony                    Necr           4%         N/A       99%         5
 Excruciating Wounds      Necr           2%         N/A       99%         5
 Ozocubu's Refrigeration  Ice            19%        4d8       100%        7
 Summon Hydra             Summ           2%         N/A       100%        7
 Ignition                 Fire           2%         3d3       100%        8


Dungeon Overview and Level Annotations

Branches:
Dungeon (9/15)             Temple (1/1) D:4           Sewer (visited)
   Lair: D:8-11         Orc: D:9-12

Altars:
Ashenzari
Cheibriados
Dithmenos
Elyvilon
Fedhas
Kikubaaqudgha
Makhleb
Nemelex Xobeh
Okawaru
Qazlal
Ru
Sif Muna
Trog
Uskayaw
Wu Jian
Xom
Yredelemnul
Zin
The Shining One

Shops:
D:6 *

Annotations:
D:6 3 runed translucent doors, Desron's ghost, novice MiBe; diceflayer's ghost, novice NaFi; kobite's ghost, novice HuFi


Innate Abilities, Weirdness & Mutations

You have large cloven feet.
You are partially covered in rugged brown scales. (AC +1, +3% HP)
You sometimes emit foul miasma when damaged in melee.
You regenerate magic rapidly.


Message History

Something draws strength from your injuries!
Your icy armour and frozen ramparts will break if you move.
Continue? [Y]es or [N]o only, please.
Your icy armour and frozen ramparts will break if you move.
Continue?
You miss something.
The wall freezes something.
Something hits you but does no damage. Something bites you.
Something draws strength from your injuries!
You emit a cloud of foul miasma!
Your icy armour and frozen ramparts will break if you move.
Continue?
You closely miss something.
The wall freezes something.
Something hits you! Something bites you!
Something draws strength from your injuries!
Your icy armour and frozen ramparts will break if you move.
Continue?
You hit something.
The wall freezes something.
Something hits you but does no damage. Something bites you.
* * * LOW HITPOINT WARNING * * *
Something draws strength from your injuries!
The wall freezes something.
Something barely misses you. Something bites you!
* * * LOW HITPOINT WARNING * * *
Something draws strength from your injuries!
A red film seems to cover your vision as you go berserk!
You feel yourself moving faster!
You feel mighty!
The wall freezes something.
Something hits you.
* * * LOW HITPOINT WARNING * * *
Something bites you.
* * * LOW HITPOINT WARNING * * *
Something draws strength from your injuries!
Your icy armour and frozen ramparts will break if you move.
Continue?
You sock something!
The wall freezes something but does no damage.
Something hits you.
* * * LOW HITPOINT WARNING * * *
Something bites you!
* * * LOW HITPOINT WARNING * * *
Something draws strength from your injuries!
Your icy armour and frozen ramparts will break if you move.
Continue?
You hit something but do no damage.
Your icy armour and frozen ramparts will break if you move.
Continue?
You barely miss something.
The frozen ramparts melt away.
Something hits you!
You die...

...#.........
...#............. ...#
...'............. ...#
...#....##......# ...#
...#....##......##...#
...#.....#...........#
...#.....#...........#
...#....##...........#
#####'####......@{...#
................##...#
.............$..# ###
.................#
..##.............# ..
#.............# .
#...>..........#
#..............#
##....##.......#


There were no monsters in sight!

Vanquished Creatures
  5 yaks (D:9)
  A steam dragon (D:7)
  An acid dragon (D:9)
  A water moccasin (D:6)
  An ice beast (D:6)
  4 orc warriors
  A sky beast (D:7)
  A black bear (D:8)
  A hornet zombie (D:7)
  5 centaurs
  A kobold brigand (D:7)
  3 bullfrogs
  A scorpion (D:6)
  3 gnoll sergeants
  2 water moccasin skeletons
  2 bullfrog zombies (D:7)
  4 centaur zombies
  6 orc priests
  2 jellies (D:5)
  2 hounds (D:5)
  2 centaur skeletons
  A gnoll shaman (D:6)
  10 orc wizards
  2 killer bee zombies (D:7)
  A hound skeleton (D:5)
  3 howler monkey zombies
  19 gnolls
  11 adders
  3 shadow imps
  2 white imps
  An ufetubus (D:6)
  A worm (D:2)
  A dart slug (D:5)
  32 orcs
  6 bats
  5 endoplasms
  9 giant cockroaches
  10 hobgoblins
  4 jackals (D:3)
  7 quokkas
  12 ball pythons
  9 frilled lizards
  12 goblins
  11 kobolds
  5 rats
226 creatures vanquished.

Vanquished Creatures (others)
  An orc (D:7)
  5 toadstools (D:1)
6 creatures vanquished.

Grand Total: 232 creatures vanquished

Notes
Turn   | Place    | Note
-------+----------+-------------------------------------------
     0 | D:1      | Ashen the Demonspawn Ice Elementalist began the quest for
                  | the Orb.
     0 | D:1      | Reached XP level 1. HP: 13/13 MP: 3/3
   444 | D:1      | Gained mutation: You may rarely emit foul miasma when
                  | damaged in melee. [demonic ancestry]
   444 | D:1      | Reached XP level 2. HP: 17/20 MP: 1/5
  1018 | D:2      | Identified the +10 quarterstaff of Gytiruve {vorpal, rC+}
  1056 | D:2      | Reached skill level 1 in Fighting
  1085 | D:2      | Gained mutation: You regenerate magic rapidly. [demonic
                  | ancestry]
  1085 | D:2      | Reached XP level 3. HP: 26/26 MP: 6/6
  1719 | D:2      | Gained mutation: You have large cloven feet. [demonic
                  | ancestry]
  1719 | D:2      | Reached XP level 4. HP: 24/32 MP: 7/7
  1967 | D:3      | Found a broken altar of Ashenzari.
  2461 | D:3      | Learned a level 3 spell: Frozen Ramparts
  2465 | D:3      | Learned a level 3 spell: Ozocubu's Armour
  3231 | D:4      | Reached XP level 5. HP: 26/38 MP: 9/9
  3353 | D:4      | Found a staircase to the Ecumenical Temple.
  3509 | Temple   | Entered the Ecumenical Temple
  4203 | D:5      | Entered Level 5 of the Dungeon
  4446 | D:5      | Reached XP level 6. HP: 42/46 MP: 10/10
  4782 | D:5      | Found a shadowy altar of Dithmenos.
  4857 | D:5      | Found Eduilu Zinnu's Weapon Emporium.
  5018 | D:6      | Found a glowing drain.
  5039 | D:6      | Learned a level 4 spell: Hailstorm
  5059 | Sewer    | Entered a sewer
  5364 | Sewer    | Reached XP level 7. HP: 50/52 MP: 9/12
  5427 | Sewer    | Reached skill level 1 in Conjurations
  5440 | Sewer    | Identified a scroll of acquirement
  5440 | Sewer    | Acquired the -5 pair of boots "Nufamyru" {rElec rPois Int-4
                  | Stlth+}
  5833 | D:6      | Found a runed translucent gate.
  5833 | D:6      | Found a runed translucent gate.
  5833 | D:6      | Found a runed translucent gate.
  5837 | D:6      | Noticed diceflayer's ghost (novice NaFi)
  5837 | D:6      | Noticed kobite's ghost (novice HuFi)
  5842 | D:6      | Noticed Desron's ghost (novice MiBe)
  6086 | D:6      | Reached skill level 5 in Ice Magic
  6151 | D:6      | Found Hupsaax's Assorted Antiques.
  6162 | D:6      | Bought a glowing brown potion for 21 gold pieces
  6162 | D:6      | Bought a blue potion for 21 gold pieces
  6162 | D:6      | Bought a scroll of identify for 48 gold pieces
  6365 | D:6      | Gained mutation: You sometimes emit foul miasma when
                  | damaged in melee. [demonic ancestry]
  6365 | D:6      | Reached XP level 8. HP: 31/60 MP: 12/14
  8182 | D:7      | Found a basalt altar of Yredelemnul.
  8429 | D:7      | Reached skill level 5 in Stealth
  8585 | D:7      | Found an iron altar of Okawaru.
  8585 | D:7      | Found a bloodstained altar of Trog.
  8747 | D:7      | Reached skill level 5 in Spellcasting
  8747 | D:7      | Reached XP level 9. HP: 64/67 MP: 16/16
  8854 | D:7      | Found a burning altar of Makhleb.
  8915 | D:7      | Reached skill level 5 in Fighting
  9245 | D:7      | HP: 1/68 [centaur/arrow (11)]
  9251 | D:7      | HP: 3/68 [centaur/arrow (6)]
  9261 | D:7      | HP: 2/68 [bullfrog zombie (3)]
  9616 | D:7      | Reached skill level 5 in Dodging
  9860 | D:7      | Found a hide-covered altar of Uskayaw.
 10964 | D:8      | Acquired 933 gold pieces
 11220 | D:8      | Found a sparkling altar of Nemelex Xobeh.
 11992 | D:9      | Reached skill level 5 in Conjurations
 11992 | D:9      | Gained mutation: You are partially covered in rugged brown
                  | scales. (AC +1, +3% HP) [demonic ancestry]
 11992 | D:9      | Reached XP level 10. HP: 34/78 MP: 10/18
 12253 | D:9      | HP: 2/117 [something (7)]
 12255 | D:9      | Mangled by a vampire

Illustrated notes

Levels and vault maps discovered:
D:1:      ldierk_walled_garden, layout_rooms, serial_bayou_pond_a
D:2:      minmay_angry_zag, layout_basic, basic_altar, kennysheep_flooded_box,
          amcnicky_mini_pool_small
D:3:      layout_basic, nicolae_ashenzari_panopticon
D:4:      nicolae_BIG_FREAKIN_CUBE, layout_gridville,
          minmay_temple_entry_junction
D:5:      layout_basic, grunt_dithmenos_smoke_and_mirrors, serial_glass,
          glass_columns_c, glass_columns_a, glass_columns_c, glass_columns_a,
          glass_columns_b, glass_columns_b, glass_columns_b, glass_columns_a,
          serial_shops, shop, hangedman_decor_points
D:6:      layout_loops_ring, kennysheep_mini_moat, gammafunk_ghost_cemetery,
          gup_sewer_entry_glass, serial_shops, nicolae_shop_advertising_works
          [nicolae_subvault_shop_adworks]
D:7:      layout_loops_ring, grunt_temple_overflow_bloody_war,
          nicolae_overflow_hidden_temple, lemuel_coloured_pillars_altar,
          nicolae_yredelemnul_corpse_copse, chequers_jeans, nrook_pool_corridor
D:8:      layout_rooms, nemelex_spade_bored_becter
D:9:      layout_gridville, amethyst_overflow_temple_binary,
          mainiacjoe_overflow_cross_hatched, nrook_campfire, st_stairs_5,
          nicolae_fountain_basement, uniq_maurice
Temple:   zaba_magenta_temple

Skill      XL: |  1  2  3  4  5  6  7  8  9 |
---------------+----------------------------+-----
Stealth        | 2 3 4 5 6 |  6.2
Dodging        | 2 3 4 5 |  5.8
Fighting       | 1 2 3 4 6 |  6.1
Ice Magic      | 4 5 6 |  6.6
Spellcasting   | 3 4 5 |  5.9
Conjurations   | 2 3 5 |  5.1

Action                   |  1- 3 |  4- 6 |  7- 9 | 10-12 || total
-------------------------+-------+-------+-------+-------++-------
Melee: Unarmed           |     8 |       |       |       ||     8
       Dagger            |    21 |       |       |       ||    21
       Quarterstaff      |    34 |   121 |   172 |    13 ||   340
 Cast: Freeze            |    19 |    11 |    14 |       ||    44
       Frozen Ramparts   |       |     4 |    26 |     1 ||    31
       Ozocubu's Armour  |       |       |    18 |     1 ||    19
       Hailstorm         |       |       |     1 |       ||     1
Evoke: Wand              |       |       |     4 |       ||     4
  Use: Scroll            |       |     4 |     9 |       ||    13
       Potion            |       |       |     2 |     1 ||     3
 Stab: Sleeping          |     6 |     8 |     2 |       ||    16
       Distracted        |       |       |     1 |       ||     1
Armor: Robe              |    19 |    19 |       |       ||    38
       Leather armour    |       |    24 |    20 |     4 ||    48
Dodge: Dodged            |    35 |   110 |   199 |    10 ||   354
